Map: Abiogenesis LE

Players

Arxaniys - Winner!

  • Race: Protoss Protoss
  • League: Gold
  • Spawn Location: 5:00

ILIEKEGGPIE

  • Race: Protoss Protoss
  • League: Platinum
  • Spawn Location: 11:00

VOD

Have the link to the VOD?

Description

Time

  • Played on: April 10, 2018, 9:25 a.m.
  • Length: 5:58
Show
View Real Time Build Order
Export as new Build Order

Arxaniys Protoss - Winner!

Build Orders:  

Get SALT Encoding   

  12  0:11  Probe  
  13  0:23  Probe  
  15  0:35  Probe  
  15  0:36  Pylon  
  15  0:55  Gateway  
  15  0:58  Gateway  
  15  1:06  Gateway  
  15  1:16  Gateway  
  15  1:37  Pylon  
  15  1:42  Zealot (Chrono Boost)  
  15  1:44  Zealot (Chrono Boost)  
  21  1:57  Zealot (Chrono Boost)  
  21  2:01  Zealot (Chrono Boost)  
  21  2:02  Zealot  
  25  2:17  Zealot (Chrono Boost)  
  27  2:26  Zealot (Chrono Boost)  
  31  2:47  Zealot (Chrono Boost)  
  31  2:49  Zealot (Chrono Boost)  
  31  3:11  Zealot (Chrono Boost)  
  31  3:38  Pylon  
  31  3:56  Zealot x4  
  39  4:05  Pylon  
  39  4:23  Zealot x3  
  39  4:24  Zealot  
  47  4:48  Forge  
  47  4:50  Pylon  
  47  4:54  Pylon  
  47  5:08  Zealot x3  
Show
View Real Time Build Order
Export as new Build Order

ILIEKEGGPIE Protoss 

Build Orders:  

Get SALT Encoding   

  12  0:00  Probe  
  13  0:13  Probe  
  14  0:19  Pylon  
  14  0:28  Probe (Chrono Boost)  
  15  0:40  Probe (Chrono Boost)  
  15  0:41  Gateway  
  16  0:46  Assimilator  
  16  0:47  Probe (Chrono Boost)  
  17  0:58  Probe  
  18  1:06  Gateway  
  18  1:10  Probe  
  19  1:23  Probe, Pylon  
  20  1:37  Cybernetics Core  
  20  1:42  Zealot (Chrono Boost)  
  22  1:54  Pylon  
  22  1:57  Zealot (Chrono Boost)  
  24  2:09  Pylon  
  23  2:19  Stalker  
  14  3:10  Pylon  
  4  3:28  Gateway  
  4  3:30  Gateway  
  2  4:17  Nexus  
  2  5:30  Probe (Chrono Boost)  
  3  5:45  Probe (Chrono Boost)  
Tags
 
Matchup
PvP
Replay Pack
Multi
Spawn Locations
Cross Positions
Add a new tag
Caveats
  • Supply blocks, unpowered buildings, or Contaminate may cause inaccurate times.
  • Supply counts are checked every 10 seconds.